 Dungeon Crawl Stone Soup version 0.29-a0-911-g88e6f02907 (webtiles) character file.

Game seed: 4212980486913288511

170899 RBrandon the Impaler (level 19, -2/161 (172) HPs)
             Began as a Meteoran Fighter on July 25, 2022.
             Was a High Priest of Makhleb.
             Succumbed to a redback's poison
             ... on level 2 of the Spider Nest on July 26, 2022.
             The game lasted 01:50:37 (13033 turns).

RBrandon the Impaler (Meteoran Fighter)            Turns: 13033, Time: 01:50:38

HP:   -2/161 (172)  AC: 26    Str: 26    XL:     19   Next: 3%
MP:   11/32         EV: 15    Int: 11    God:    Makhleb [*****.]
Gold: 3309          SH:  0    Dex: 14    Spells: 17/30 levels left

rFire   x . .      SeeInvis .   a - +4 glaive (vamp)
rCold   + + .      Faith    .   (shield currently unavailable)
rNeg    . . .      Spirit   +   W - +3 ice dragon scales
rPois   +          Reflect  .   D - +0 helmet
rElec   .          Harm     .   Q - +2 cloak {Will+}
rCorr   .          Rampage  .   L - +0 pair of gloves
Will    +++..                   (no boots)
Stlth   ..........              V - amulet of guardian spirit
HPRegen 0.36/turn               x - +4 ring of protection
MPRegen 0.23/turn               H - ring of poison resistance

@: confused, lethally poisoned (-2 -> -36), ambrosia-drunk, glowing, drained
A: sense surroundings 3, otherworldly, glowing, explore regen
}: 1/15 runes: decaying
a: Renounce Religion, Minor Destruction, Lesser Servant of Makhleb, Major
Destruction, Greater Servant of Makhleb


You were on level 2 of the Spider Nest.
You worshipped Makhleb.
Makhleb was extremely pleased with you.
You visited 6 branches of the dungeon, and saw 26 of its levels.
You also visited: Sewer, Ossuary and Bailey.

You collected 3755 gold pieces.
You spent 446 gold pieces at shops.

Inventory:

Hand Weapons
 a - a +4 vampiric glaive (weapon)
   (You took it off a vampire in a bailey)
 s - a +2 halberd of freezing
   (You took it off a wight on level 6 of the Dungeon)
 t - a +2 glaive of venom
   (You found it on level 3 of the Swamp)
Missiles
 e - 18 poisoned darts
 h - 2 throwing nets
 r - 6 atropa-tipped darts
 I - 11 boomerangs
Armour
 D - a +0 helmet (worn)
 L - a +0 pair of gloves (worn)
 Q - a +2 cloak of willpower (worn)
   (You found it in a bailey)
 W - +3 ice dragon scales (worn)
Magical Staves
 K - a staff of earth
Jewellery
 b - a ring of resist corrosion
 c - a ring of protection from fire
 d - a ring of magical power
 g - a +6 ring of dexterity
 m - a ring of positive energy
 x - a +4 ring of protection (left hand)
 H - a ring of poison resistance (right hand)
 J - an amulet of reflection
 O - a +6 ring of dexterity
 T - a ring of wizardry
 V - an amulet of guardian spirit (around neck)
Wands
 i - a wand of acid (12)
 p - a wand of polymorph (17)
 u - a wand of charming (13)
 E - a wand of iceblast (4)
 G - a wand of flame (37)
 R - a wand of mindburst (35)
Scrolls
 f - 3 scrolls of teleportation
 j - 3 scrolls of identify
 l - 4 scrolls of butterflies
 n - 2 scrolls of vulnerability
 q - a scroll of blinking
 y - 2 scrolls of torment
 z - 2 scrolls of silence
 F - a scroll of brand weapon
 X - a scroll of amnesia
 Z - a scroll of fear
Potions
 o - 4 potions of lignification
 A - 4 potions of mutation
 B - 4 potions of resistance
 C - 5 potions of cancellation
 M - a potion of ambrosia
 N - 2 potions of might
 S - a potion of magic
 Y - a potion of attraction
Miscellaneous
 v - a piece from Xom's chessboard (15/15)
 U - a phial of floods


   Skills:
 - Level 15.7 Fighting
 - Level 7.1(14.5) Axes
 - Level 19.5(20.0) Polearms
 - Level 10.8 Armour
 - Level 11.5 Dodging
 - Level 5.4 Shields
 - Level 6.0 Spellcasting
 - Level 7.3 Summonings
 + Level 5.2 Necromancy
 - Level 5.3 Transmutations
 - Level 17.0 Invocations
 - Level 9.1 Evocations


You had 17 spell levels left.
You knew the following spells:

 Your Spells              Type           Power      Damage    Failure   Level
a - Call Canine Familiar  Summ           19%        N/A       6%          3
b - Wereblood             Tmut           15%        N/A       8%          2
c - Animate Dead          Necr           14%        N/A       45%         4
d - Anguish               Hex/Necr       4%         N/A       82%         4

Your spell library contained the following spells:

 Spells                   Type           Power      Damage    Failure   Level
 Necrotise                Necr           56%        1d6       4%          1
 Sublimation of Blood     Necr           14%        N/A       8%          2
 Sting                    Tmut/Pois      36%        1d4       14%         1
 Vampiric Draining        Necr           14%        2d7       16%         3
 Apportation              Tloc           6%         N/A       38%         1
 Slow                     Hex            12%        N/A       38%         1
 Spider Form              Tmut/Pois      9%         N/A       41%         3
 Ensorcelled Hibernation  Hex/Ice        6%         N/A       54%         2
 Poisonous Vapours        Pois/Air       6%         N/A       54%         2
 Confusing Touch          Hex            3%         N/A       77%         3
 Dazzling Flash           Conj/Hex       6%         N/A       77%         3
 Portal Projectile        Hex/Tloc       6%         N/A       77%         3
 Tukima's Dance           Hex            3%         N/A       77%         3
 Agony                    Necr           14%        N/A       80%         5
 Leda's Liquefaction      Hex/Erth       1%         N/A       99%         4
 Olgreb's Toxic Radiance  Pois           3%         N/A       99%         4
 Passage of Golubria      Tloc           3%         N/A       99%         4
 Alistair's Intoxication  Tmut/Pois      6%         N/A       99%         5
 Yara's Violent Unravell  Hex/Tmut       4%         3d4       99%         5
 Silence                  Hex/Air        1%         N/A       100%        5
 Haunt                    Necr/Summ      8%         N/A       100%        7
 Ozocubu's Refrigeration  Ice            1%         4d5       100%        7
 Summon Hydra             Summ           9%         N/A       100%        7
 Ignition                 Fire           1%         3d3       100%        8
 Infestation              Necr           7%         N/A       100%        8


Dungeon Overview and Level Annotations

Branches:
Dungeon (12/15) Zot: 1751  Temple (1/1) D:6 Zot: 569    Lair (5/5) D:11 Zot: 11
  Swamp (4/4) Lair:2 Zot: 689  Spider (2/4) Lair:2 Zot: 373   Slime (0/5) Lair:4
    Orc (2/2) D:10 Zot: 304     Elf (0/3) Orc:2         Sewer (visited)
Ossuary (visited)          Bailey (visited)

Altars:
Ashenzari
Cheibriados
Gozag
Hepliaklqana
Makhleb
Nemelex Xobeh
Okawaru
Sif Muna
Vehumet
Xom
Jiyva

Shops:
D:5 ?   Orc:2 :(!?

Portals:
Pandemonium: Orc:2

Annotations:
D:5 3 runed translucent doors, Prince Ribbit; valliere's ghost, novice GnWn
Lair:2 3 runed translucent doors, snackwell's ghost, journeyman DrTm
Swamp:2 2 transporters, exclusion: orange crystal statue


Innate Abilities, Weirdness & Mutations

You passively map a large area around you.
You are easily found by Zot.
You glow in the dark.
You regain HP and MP as you explore.


Message History

You are more confused.
The tarantella misses you.
You slash the tarantella!
You feel better.
The tarantella is moderately wounded.
The jumping spider leaps!
The redback bites you but does no damage.
The tarantella misses you. The tarantella closely misses you.
The tarantella touches you but does no damage.
You hit the tarantella.
You feel better.
The tarantella is heavily wounded.
The redback bites you but does no damage.
The tarantella completely misses you. The tarantella touches you!
* * * LOW HITPOINT WARNING * * *
You are more confused.
The tarantella touches you but does no damage.
You bump into the rock wall.
The redback bites you!
* * * LOW HITPOINT WARNING * * *
You are lethally poisoned!
The redback poisons you! The tarantella completely misses you.
The tarantella touches you.
* * * LOW HITPOINT WARNING * * *
The tarantella touches you but does no damage.
The redback barely misses you.
You are more confused.
You feel invigorated.
* * * LOW HITPOINT WARNING * * *
You feel extremely sick. The tarantella barely misses you.
The tarantella touches you.
* * * LOW HITPOINT WARNING * * *
The redback bites you but does no damage.
The tarantella barely misses you. The tarantella misses you.
The tarantella touches you but does no damage.
You hit the jumping spider.
You feel better.
The jumping spider is lightly wounded.
* * * LOW HITPOINT WARNING * * *
You feel very sick.
The redback bites you but does no damage.
The jumping spider leaps!
The tarantella closely misses you. x2
The tarantella completely misses you.
You die...

, *, #[.....††..^+,(....
* ,
..##.....^#.)^#,.....##
,, * s.^#####..^##)##
..##### ^
,.......#...#...# ..#, ,
, , , , #..#...#...#...#
..# , , ,.....^##[##..^#*
,.
.##....#####...#####...,
* ,
.^..................... ,
, ,
....#..#.s@s.#.........,,
,
.#.......s.s#..#...##..,
* .........#.......### ,
........#....#...# * , ,
, .#.....#.........# , ,
*, ,..[#......#.....## ,
, .....s.#.........#* ,
,#.#!.......#.....#* , ,
.*............#... , *


You could see a jumping spider, 3 tarantellas and a redback.

Vanquished Creatures
  Mara (Swamp:4)
  the Lernaean hydra (Swamp:4)
  Saint Roka (Orc:2)
  A thorn hunter (Swamp:4)
  Donald (Orc:2)
  An emperor scorpion (Spider:1)
  An orc warlord (Orc:2)
  Aizul (Spider:2)
  3 eleionomae
  An entropy weaver (Spider:2)
  6 bunyips
  A shambling mangrove (Swamp:4)
  16 hydras
  2 boulder beetles
  4 ghost crabs
  A radroach (Spider:2)
  5 catoblepae
  A jorogumo (Spider:2)
  9 death yaks
  2 demonspawn (Orc:2)
  2 two-headed ogres
  5 alligators
  7 dancing weapons (Spider:2)
  4 orc high priests (Orc:2)
  4 pharaoh ants
  3 goliath frogs
  2 spriggan druids
  2 orb spiders
  8 bog bodies
  10 swamp dragons
  4 orc knights (Orc:2)
  2 lindwurms
  10 orc sorcerers (Orc:2)
  5 wolf spiders
  4 will-o-the-wisps
  3 manticores
  11 elephants
  A rust devil (Orc:2)
  3 torpor snails
  3 black mambas
  10 cane toads
  An orange demon (Orc:2)
  A gargoyle (Bailey)
  A demonic crawler (Spider:2)
  A freezing wraith (Lair:4)
  Maggie (D:6)
  11 komodo dragons
  7 rime drakes
  An ice devil (Orc:2)
  2 polar bears (Lair:4)
  5 hornets
  2 trolls
  3 meliai (Spider:2)
  5 tyrant leeches
  4 blink frogs (Lair:1)
  17 tarantellas
  8 dream sheep (Lair:5)
  Grinder (D:6)
  9 jumping spiders
  6 spriggans
  A shadow (D:11)
  8 culicivoras
  62 yaks
  12 wyverns
  11 basilisks
  A steam dragon (D:8)
  2 vampire mosquitoes (D:11)
  22 redbacks
  A chaos spawn (Orc:2)
  9 wargs
  21 swamp worms
  A hell hound (Lair:5)
  24 orc warriors
  9 water moccasins
  An acid dragon (D:9)
  4 swamp drakes
  2 ice beasts
  5 black bears
  3 ogres (Orc:2)
  11 wolves
  A phantom (D:5)
  10 bullfrogs
  A necrophage (D:6)
  4 water moccasin zombies (Ossuary)
  2 gnoll sergeants
  4 wights (D:6)
  16 killer bees
  2 electric eels
  8 vampire bats (Bailey)
  3 howler monkeys
  4 wolf zombies (Bailey)
  Crazy Yiuf (D:6)
  4 jellies
  27 orc priests
  2 hounds (D:5)
  2 hell rats (Lair:5)
  3 iguanas
  12 orc wizards
  Natasha (thrice) (D:4)
  A troll simulacrum (Lair:4)
  2 mummies (Ossuary)
  13 adders
  8 gnolls
  3 shadow imps
  2 white imps
  An ufetubus (D:7)
  A worm zombie (D:5)
  2 adder zombies (Ossuary)
  3 worms
  2 dart slugs
  58 orcs
  19 endoplasms
  9 giant cockroaches
  9 goblins
  6 hobgoblins
  6 jackals (D:2)
  8 kobolds
  8 quokkas
  12 ball pythons
  2 bats (D:3)
  14 frilled lizards
  5 gnoll zombies (Ossuary)
  6 hobgoblin zombies (Ossuary)
  3 kobold zombies (Ossuary)
  25 orc zombies
  5 rats
  A spectral hobgoblin (D:5)
  A butterfly (Lair:1)
802 creatures vanquished.

Vanquished Creatures (collateral kills)
  A thorn hunter (Swamp:3)
  An eleionoma (Swamp:3)
  6 hydras
  A goliath frog (Swamp:4)
  2 swamp dragons (Swamp:3)
  4 bog bodies (Swamp:4)
  2 spriggan druids (Swamp:4)
  A will-o-the-wisp (Swamp:3)
  A cyclops (Orc:2)
  An elephant (Lair:4)
  An ice statue (Lair:4)
  A rime drake (Lair:4)
  2 ice devils (Lair:4)
  A troll (Orc:2)
  11 hornets
  A tyrant leech (Swamp:3)
  A shadow (D:11)
  9 spriggans
  4 yaks
  A wyvern (Lair:3)
  A vampire (Bailey)
  6 vampire mosquitoes (D:11)
  A warg (D:11)
  2 swamp worms
  A water moccasin (Lair:4)
  4 swamp drakes (Swamp:4)
  6 orc warriors (Orc:2)
  An ogre (Orc:2)
  6 wolves
  A kobold brigand (D:11)
  A two-headed ogre simulacrum (Lair:4)
  A water moccasin zombie (Ossuary)
  2 orc priests (Orc:2)
  5 jellies (Lair:4)
  A polar bear simulacrum (Lair:4)
  A naga simulacrum (Lair:4)
  2 white imps
  2 adder zombies (Ossuary)
  11 orcs
  2 kobolds (D:11)
  2 hobgoblin zombies (Ossuary)
  2 orc zombies
113 creatures vanquished.

Vanquished Creatures (others)
  A fenstrider witch (Swamp:2)
  An alligator (Swamp:1)
  2 bloated husks (Swamp:2)
  A swamp worm (Swamp:4)
  A swamp drake (Swamp:4)
  3 bushes (Lair:5)
  20 foxfires
  41 fungi
  115 plants
185 creatures vanquished.

Grand Total: 1100 creatures vanquished

Notes
Turn   | Place    | Note
-------+----------+-------------------------------------------
     0 | D:1      | RBrandon the Meteoran Fighter began the quest for the Orb.
     0 | D:1      | Reached XP level 1. HP: 19/19 MP: 2/2
    58 | D:1      | Reached XP level 2. HP: 26/26 MP: 3/3
   155 | D:1      | Reached XP level 3. HP: 11/31 MP: 4/4
   433 | D:2      | Reached XP level 4. HP: 39/39 MP: 5/5
  1082 | D:3      | Reached XP level 5. HP: 46/46 MP: 6/6
  1381 | D:3      | Found a shimmering blue altar of Sif Muna.
  1383 | D:3      | Found an opulent altar of Gozag.
  1384 | D:3      | Found a shimmering altar of Xom.
  1385 | D:3      | Found a sparkling altar of Nemelex Xobeh.
  1385 | D:3      | Found a radiant altar of Vehumet.
  1387 | D:3      | Found a broken altar of Ashenzari.
  1397 | D:3      | Found a snail-covered altar of Cheibriados.
  1460 | D:4      | Found a glowing drain.
  1476 | Sewer    | Entered a sewer
  1607 | Sewer    | Reached XP level 6. HP: 48/52 MP: 7/7
  1739 | Sewer    | Reached skill level 5 in Axes
  1745 | Sewer    | Reached skill level 5 in Armour
  1745 | Sewer    | Reached skill level 5 in Shields
  1745 | Sewer    | Reached XP level 7. HP: 49/60 MP: 8/8
  1791 | D:4      | Noticed Natasha
  1798 | D:4      | Killed Natasha
  1848 | D:4      | Noticed Natasha
  1854 | D:4      | Killed Natasha
  1963 | D:4      | Noticed Natasha
  1967 | D:4      | Killed Natasha
  1968 | D:4      | Noticed Ijyb
  1969 | D:4      | Noticed Ijyb
  1969 | D:4      | Ijyb changed into Ijyb the howler monkey
  1983 | D:4      | Killed Ijyb the howler monkey
  1994 | D:4      | Reached skill level 5 in Fighting
  2039 | D:4      | Learned a level 3 spell: Call Canine Familiar
  2144 | D:5      | Entered Level 5 of the Dungeon
  2144 | D:5      | Found a runed translucent gate.
  2144 | D:5      | Found a runed translucent gate.
  2144 | D:5      | Found a runed translucent gate.
  2152 | D:5      | Reached skill level 1 in Summonings
  2152 | D:5      | Reached XP level 8. HP: 59/68 MP: 9/9
  2183 | D:5      | Found a sand-covered staircase.
  2207 | Ossuary  | Entered an ossuary
  2366 | Ossuary  | Reached skill level 5 in Summonings
  2433 | D:5      | Found a hazy altar of Hepliaklqana.
  2463 | D:5      | Noticed valliere's ghost (novice GnWn)
  2552 | D:5      | Noticed Prince Ribbit
  2590 | D:5      | HP: 1/68 [gnoll sergeant/+0 trident (3)]
  2735 | D:5      | Gained mutation: You passively map the area around you.
                  | [Meteoran growth]
  2735 | D:5      | Reached XP level 9. HP: 56/74 MP: 10/10
  2776 | D:5      | Found Vuoshr Imeff's Magic Scroll Shoppe.
  2784 | D:5      | Bought a scroll of blinking for 105 gold pieces
  2815 | D:6      | Found a staircase to the Ecumenical Temple.
  2820 | Temple   | Entered the Ecumenical Temple
  2838 | Temple   | Became a worshipper of Makhleb the Destroyer
  2976 | D:6      | Noticed Grinder
  2976 | D:6      | Noticed Maggie
  2992 | D:6      | Killed Maggie
  2993 | D:6      | Reached skill level 4 in Polearms
  2998 | D:6      | Killed Grinder
  3076 | D:6      | Reached skill level 5 in Polearms
  3134 | D:6      | Reached skill level 6 in Polearms
  3186 | D:6      | Reached skill level 7 in Polearms
  3241 | D:6      | Reached * piety under Makhleb
  3252 | D:6      | Found a runed translucent door.
  3253 | D:6      | Noticed Crazy Yiuf
  3260 | D:6      | Killed Crazy Yiuf
  3474 | D:7      | Reached XP level 10. HP: 69/81 MP: 11/11
  3543 | D:7      | Reached skill level 8 in Polearms
  3896 | D:8      | Reached skill level 9 in Polearms
  3999 | D:8      | Noticed a two-headed ogre
  4009 | D:8      | Killed a two-headed ogre
  4010 | D:8      | Reached skill level 11 in Polearms
  4149 | D:8      | Reached ** piety under Makhleb
  4379 | D:9      | Reached skill level 1 in Invocations
  4471 | D:9      | Found a flagged portal.
  4491 | D:9      | Reached skill level 5 in Invocations
  4508 | Bailey   | Entered a bailey
  4561 | Bailey   | Noticed a gargoyle
  4568 | Bailey   | Killed a gargoyle
  4569 | Bailey   | Reached XP level 11. HP: 79/88 MP: 14/16
  4628 | Bailey   | Reached *** piety under Makhleb
  5154 | D:9      | Found an iron altar of Okawaru.
  5312 | D:10     | Entered Level 10 of the Dungeon
  5312 | D:10     | Found a staircase to the Orcish Mines.
  5335 | D:10     | Reached skill level 1 in Dodging
  5341 | D:10     | Reached skill level 12 in Polearms
  5703 | D:10     | Identified a scroll of acquirement
  5907 | D:11     | Found a gate leading to a gauntlet.
  5960 | D:11     | Noticed a two-headed ogre
  5973 | D:11     | Found a staircase to the Lair.
  6027 | D:11     | Reached XP level 12. HP: 92/97 MP: 20/20
  6040 | D:11     | Reached **** piety under Makhleb
  6046 | Lair:1   | Entered Level 1 of the Lair of Beasts
  6090 | Lair:1   | Reached skill level 10 in Invocations
  6174 | Lair:1   | Noticed a seven-headed hydra
  6181 | Lair:1   | Reached skill level 5 in Dodging
  6242 | Lair:1   | Reached skill level 13 in Polearms
  6372 | Lair:1   | Noticed a seven-headed hydra
  6386 | Lair:1   | Killed a seven-headed hydra
  6408 | Lair:1   | Learned a level 2 spell: Wereblood
  6426 | Lair:1   | Noticed a four-headed hydra
  6436 | Lair:1   | Killed a seven-headed hydra
  6530 | Lair:1   | Reached skill level 5 in Transmutations
  6623 | Lair:2   | Reached XP level 13. HP: 108/108 MP: 21/21
  6631 | Lair:2   | Found a runed translucent gate.
  6632 | Lair:2   | Found a runed translucent gate.
  6633 | Lair:2   | Found a runed translucent gate.
  6633 | Lair:2   | Noticed snackwell's ghost (journeyman DrTm)
  6640 | Lair:2   | Reached skill level 14 in Polearms
  6795 | Lair:3   | Reached skill level 15 in Polearms
  7123 | Lair:4   | Reached skill level 16 in Polearms
  7340 | Lair:4   | Reached skill level 17 in Polearms
  7407 | Lair:4   | Noticed a six-headed hydra
  7412 | Lair:4   | Killed a six-headed hydra
  7413 | Lair:4   | Reached skill level 18 in Polearms
  7487 | Lair:4   | Noticed a death yak
  7503 | Lair:4   | Killed a death yak
  7504 | Lair:4   | Reached XP level 14. HP: 111/116 MP: 19/22
  7695 | Lair:5   | Entered Level 5 of the Lair of Beasts
  7788 | Lair:4   | Found a staircase to the Slime Pits.
  7789 | Lair:4   | Found a viscous altar of Jiyva.
  7815 | Lair:5   | Reached ***** piety under Makhleb
  7816 | Lair:5   | Reached skill level 19 in Polearms
  7943 | Lair:5   | Reached skill level 1 in Evocations
  8223 | Lair:5   | Reached XP level 15. HP: 123/126 MP: 17/24
  8427 | Lair:5   | Reached skill level 10 in Fighting
  8529 | Lair:5   | Reached skill level 5 in Evocations
  8820 | Lair:2   | Found a hole to the Spider Nest.
  9097 | Orc:1    | Entered Level 1 of the Orcish Mines
  9249 | Orc:2    | Entered Level 2 of the Orcish Mines
  9249 | Orc:2    | Noticed an orc warlord
  9292 | Orc:2    | Killed an orc warlord
  9294 | Orc:2    | Noticed Saint Roka
  9299 | Orc:2    | Reached ****** piety under Makhleb
  9313 | Orc:2    | Killed Saint Roka
  9424 | Orc:2    | Reached XP level 16. HP: 128/136 MP: 15/26
  9435 | Orc:2    | Found Beicycel's Magic Scroll Boutique.
  9438 | Orc:2    | Found Imideet's Distillery.
  9598 | Orc:2    | Bought a scroll of enchant weapon for 105 gold pieces
  9600 | Orc:2    | Bought a potion of heal wounds for 60 gold pieces
  9646 | Orc:2    | Reached skill level 10 in Dodging
  9715 | Orc:2    | Found Istim's Book Emporium.
  9715 | Orc:2    | Found a one-way gate leading to the halls of Pandemonium.
  9715 | Orc:2    | Found Lugih's Antique Weapon Shoppe.
  9726 | Orc:2    | Bought a book of Party Tricks for 176 gold pieces
  9924 | Orc:2    | Noticed Donald
  9934 | Orc:2    | Killed Donald
  9976 | Orc:2    | Found a staircase to the Elven Halls.
 10258 | Lair:2   | Glimpsed the power of Zot.
 10275 | Lair:2   | Found a staircase to the Swamp.
 10304 | Swamp:1  | Entered Level 1 of the Swamp
 10335 | Swamp:1  | Acquired 463 gold pieces
 10337 | Swamp:1  | Acquired 1088 gold pieces
 10446 | Swamp:1  | HP: 6/137 [will-o-the-wisp/foxfire (12)]
 10582 | Swamp:1  | Reached skill level 10 in Armour
 10662 | Swamp:2  | Noticed a fenstrider witch
 10673 | Swamp:2  | Killed a fenstrider witch
 10748 | Swamp:2  | Noticed a thorn hunter
 10781 | Swamp:2  | Reached XP level 17. HP: 120/146 MP: 18/28
 10842 | Swamp:2  | Noticed a fenstrider witch
 10851 | Swamp:2  | Noticed a tentacled monstrosity
 10853 | Swamp:2  | Found a transporter.
 10905 | Swamp:2  | Found an iron altar of Okawaru.
 10925 | Swamp:2  | Found a transporter.
 11213 | Swamp:3  | Noticed a thorn hunter
 11221 | Swamp:3  | Killed a thorn hunter
 11358 | Swamp:4  | Entered Level 4 of the Swamp
 11373 | Swamp:4  | Noticed a thorn hunter
 11388 | Swamp:4  | Killed a thorn hunter
 11487 | Swamp:4  | Reached skill level 15 in Fighting
 11511 | Swamp:4  | Noticed Mara
 11544 | Swamp:4  | Gained mutation: You passively map a large area around you.
                  | [Meteoran growth]
 11544 | Swamp:4  | Reached XP level 18. HP: 166/166 MP: 29/29
 11690 | Swamp:4  | Reached skill level 15 in Invocations
 11715 | Swamp:4  | Noticed RBrandon's illusion
 11716 | Swamp:4  | Killed Mara
 11781 | Swamp:4  | Noticed the 27-headed Lernaean hydra
 11792 | Swamp:4  | Killed the 27-headed Lernaean hydra
 11803 | Swamp:4  | Got a decaying rune of Zot
 12058 | Lair:2   | Glimpsed the power of Zot.
 12098 | Spider:1 | Entered Level 1 of the Spider Nest
 12371 | Spider:1 | Learned a level 4 spell: Animate Dead
 12382 | Spider:1 | Learned a level 4 spell: Anguish
 12458 | Spider:1 | Reached skill level 1 in Spellcasting
 12599 | Spider:2 | Noticed Aizul
 12635 | Spider:2 | Found a runed translucent door.
 12730 | Spider:2 | Reached skill level 5 in Spellcasting
 12761 | Spider:2 | Killed Aizul
 12792 | Spider:2 | Reached skill level 1 in Necromancy
 13002 | Spider:2 | Reached XP level 19. HP: 169/172 MP: 20/32
 13013 | Spider:2 | Reached skill level 5 in Necromancy
 13031 | Spider:2 | HP: 7/161 [poisoned by a redback]
 13032 | Spider:2 | HP: 3/161 [poisoned by a redback]
 13033 | Spider:2 | Succumbed to a redback's poison

Illustrated notes

Levels and vault maps discovered:
D:1:      mrwooster_arrival_arrow, layout_rooms,
          chequers_ecumenical_altar_twisty, serial_forest,
          infiniplex_forest_fountain, infiniplex_forest_zigzag_1,
          infiniplex_forest_clump_medium, infiniplex_forest_lined_room_3,
          infiniplex_forest_lined_corner, infiniplex_forest_clump_long,
          infiniplex_forest_straight_3, infiniplex_forest_clump_medium,
          infiniplex_forest_end_1, serial_shops, shop, corexii_leaking_fountain
D:2:      layout_basic
D:3:      minmay_door_path, layout_basic, nicolae_overflow_hallway_of_the_gods
D:4:      layout_basic, portal_sewer_entry_b, uniq_natasha, uniq_ijyb
D:5:      layout_rooms, nicolae_hepliaklqana_monster_ancestors,
          gammafunk_ghost_icy, serial_shops, kennysheep_mini_moat,
          enter_ossuary_3, uniq_prince_ribbit1
D:6:      layout_basic, minmay_temple_entry_overgrown, uniq_crazy_yiuf_cottage,
          uniq_grinder, uniq_maggie
D:7:      layout_cave_pools, nicolae_lava_and_water
D:8:      layout_loops_ring
D:9:      layout_basic, mainiacjoe_overflow_tiny_flanked, enter_bailey_5
D:10:     layout_layer_cave, minmay_orc_entry_guard_dogs,
          minmay_tree_intersection
D:11:     layout_basic, erik_lair_orcish_takeover, gauntlet_entry_generic,
          chequers_decorated_corner, chequers_serial_rivers_marsh
D:12:     layout_loops_corners, minivault_25_ag, uniq_urug
Temple:   nicolae_temple_figure_eight
Lair:1:   layout_loops_ring, infiniplex_staircase_pool, grunt_megastairs_2,
          serial_bayou_shore_a, lemuel_fruit_fields, lemuel_fruit_fields
Lair:2:   layout_gridlike, nicolae_swamp_entry_splash_gauntlet,
          spider_nest_entry_a, gammafunk_ghost_split, serial_bayou_shore_b
Lair:3:   layout_gridlike
Lair:4:   dreamdust_isle_of_ice, layout_long_grid,
          minmay_slime_entry_jelly_boxes, nzn_random_ring, lemuel_fruit_tree
Lair:5:   evilmike_catoblepas_cave, layout_gridlike, special_room
          [special_room_mythical_zoo], serial_forest, infiniplex_forest_end_1,
          infiniplex_forest_clump_small, infiniplex_forest_lined_3,
          infiniplex_forest_lined_room_2, infiniplex_forest_clump_long,
          infiniplex_forest_end_2, infiniplex_forest_clump_medium,
          infiniplex_forest_clump_curved, serial_bayou_pond_d
Swamp:1:  layout_falls_marsh, evilmike_swamp_ruin_rubble_2
Swamp:2:  gammafunk_sealed_arena, layout_basic_swamp, basic_altar,
          nicolae_swamp_bloodsuckers_inc
Swamp:3:  layout_falls_marsh, evilmike_swamp_ruin_house_6, swamp_pool2
Swamp:4:  grunt_swamp_rune_castle, layout_basic_swamp, uniq_mara
Spider:1: layout_chambers
Spider:2: cheibrodos_spider_deadly_dance, spiders_nest_hornet_nest, uniq_azrael,
          uniq_aizul
Orc:1:    layout_caves, basic_altar, nicolae_orc_tapped_out, uniq_snorg
Orc:2:    pf_orc_diabolical, layout_caves, uniq_saint_roka, uniq_donald

Skill      XL: |  1  2  3  4  5  6  7  8  9 10 11 12 13 14 15 16 17 18 19 |
---------------+----------------------------------------------------------+-----
Axes           | 3 4 5 6 7 |  7.1
Armour         | 4 5 6 8 10 | 10.8
Shields        | 4 5 |  5.4
Fighting       | 4 5 6 8 9 10 12 15 | 15.7
Summonings     | 1 7 |  7.3
Polearms       | 7 11 12 13 18 19 | 19.5
Invocations    | 6 9 10 12 13 14 17 | 17.0
Dodging        | 4 6 7 9 11 | 11.5
Transmutations | 5 |  5.3
Evocations     | 3 6 8 9 |  9.1
Spellcasting   | 6 |  6.0
Necromancy     | 4 5 |  5.2

Action                   |  1- 3 |  4- 6 |  7- 9 | 10-12 | 13-15 | 16-18 | 19-21 || total
-------------------------+-------+-------+-------+-------+-------+-------+-------++-------
Melee: War axe           |    45 |   233 |   230 |       |       |       |       ||   508
       Halberd           |       |       |    65 |   238 |       |       |       ||   303
       Glaive            |       |       |       |   291 |   732 |  1064 |    20 ||  2107
Throw: Dart              |       |       |     6 |    25 |     4 |       |       ||    35
 Cast: Call Canine Famil |       |       |     9 |       |       |       |       ||     9
       Wereblood         |       |       |       |     2 |     2 |       |       ||     4
Invok: Minor Destruction |       |       |       |    91 |    48 |     1 |       ||   140
       Lesser Servant of |       |       |       |     7 |     6 |     2 |       ||    15
       Major Destruction |       |       |       |    15 |    52 |    61 |     1 ||   129
       Greater Servant o |       |       |       |       |     1 |    13 |       ||    14
Evoke: Wand              |       |       |     9 |     6 |       |    11 |       ||    26
       Phial of floods   |       |       |       |       |     1 |       |       ||     1
  Use: Scroll            |     1 |       |    13 |    11 |     7 |    18 |       ||    50
       Potion            |       |     1 |     4 |     3 |     3 |    13 |     1 ||    25
 Stab: Paralysed         |       |       |     4 |       |       |       |       ||     4
       Distracted        |       |       |       |     1 |     4 |     2 |       ||     7
       Confused          |       |       |       |       |       |     2 |       ||     2
Armor: Scale mail        |    26 |   135 |    28 |       |       |       |       ||   189
       Ring mail         |       |       |   124 |   332 |   220 |       |       ||   676
       Ice dragon scales |       |       |       |       |   101 |   729 |    30 ||   860
Dodge: Dodged            |    13 |   104 |   100 |   241 |   360 |   639 |    32 ||  1489
Block: Buckler           |    12 |    65 |    66 |       |       |       |       ||   143
       Other             |       |       |       |   105 |    22 |       |       ||   127

Table legend: (Time is in decaauts)
 A = Elapsed time spent in this place.
 B = Non-inter-level travel time spent in this place.
 C = Inter-level travel time spent in this place.
 D = Time resting spent in this place.
 E = Time spent auto-exploring this place.
 F = Levels seen in this place.
 G = Mean time per level.
                   A        B        C        D        E       F      G
               +--------+--------+--------+--------+--------+-----+--------+
         Total |  12854 |  11752 |   1102 |    433 |   1515 |  29 |  443.2 |
       Dungeon |   5448 |   4848 |    600 |    223 |   1017 |  12 |  454.0 |
        Temple |     30 |     18 |     12 |      0 |      0 |   1 |   30.0 |
          Lair |   2988 |   2679 |    309 |    198 |     96 |   5 |  597.6 |
         Swamp |   1710 |   1652 |     58 |     12 |    125 |   4 |  427.5 |
   Spider Nest |    826 |    787 |     39 |      0 |     97 |   2 |  413.0 |
  Orcish Mines |    895 |    813 |     82 |      0 |    179 |   2 |  447.5 |
         Sewer |    387 |    387 |      0 |      0 |      0 |   1 |  387.0 |
       Ossuary |    236 |    236 |      0 |      0 |      0 |   1 |  236.0 |
        Bailey |    330 |    330 |      0 |      0 |      0 |   1 |  330.0 |
               +--------+--------+--------+--------+--------+-----+--------+

Top non-repeatable levels by time:
  Lair:4: 863 daAuts
  Lair:5: 820 daAuts
   Orc:2: 738 daAuts
     D:9: 694 daAuts
     D:2: 635 daAuts
     D:6: 634 daAuts
 Swamp:4: 622 daAuts
  Lair:1: 591 daAuts
    D:10: 554 daAuts
     D:8: 552 daAuts
     D:4: 534 daAuts
     D:3: 523 daAuts
Spider:1: 491 daAuts
 Swamp:3: 410 daAuts
   Sewer: 387 daAuts

Table legend:
 A = Kills in this place as a percentage of kills in entire the game.
 B = Kills by you in this place as a percentage of kills by you in the entire game.
 C = Kills by friends in this place as a percentage of kills by friends in the entire game.
 D = Other kills in this place as a percentage of other kills in the entire game.
 E = Experience gained in this place as a percentage of experience gained in the entire game.
 F = Experience gained in this place divided by the number of levels of this place that you have seen.
                   A       B       C       D       E      F
               +-------+-------+-------+-------+-------+----------------------
         Total | 100.0 | 100.0 | 100.0 | 100.0 | 100.0 | 7778.3
       Dungeon |  24.7 |  26.6 |  12.4 |   0.0 |   5.6 | 1045.3
          Lair |  25.7 |  26.1 |  23.9 |   0.0 |  30.8 | 13904.6
         Swamp |  15.4 |  11.6 |  38.9 | 100.0 |  36.2 | 20428.5
   Spider Nest |   8.9 |  10.2 |   0.0 |   0.0 |  14.6 | 16443.0
  Orcish Mines |  13.3 |  12.7 |  17.7 |   0.0 |  11.9 | 13375.0
         Sewer |   4.6 |   5.2 |   0.0 |   0.0 |   0.1 | 301.0
       Ossuary |   3.3 |   3.0 |   5.3 |   0.0 |   0.2 | 471.0
        Bailey |   4.1 |   4.5 |   1.8 |   0.0 |   0.6 | 1382.0
               +-------+-------+-------+-------+-------+----------------------
